 Dungeon Crawl Stone Soup version 0.29-a0-322-g68df515428 (webtiles) character file.

Game seed: 14844370604858806057

620 Murumi the Covert (level 7, -3/40 HPs)
             Began as a Vampire Enchanter on Apr 9, 2022.
             Slain by Olga's ghost (10 damage)
             ... on level 4 of the Dungeon.
             The game lasted 00:16:23 (4527 turns).

Murumi the Covert (Vampire Enchanter)               Turns: 4527, Time: 00:16:23

Health: -3/40      AC:  4    Str:  7    XL:     7   Next: 22%
Magic:  7/10       EV: 13    Int: 18    God:
Gold:   310        SH:  0    Dex: 16    Spells: 2/10 levels left

rFire   . . .      SeeInvis +   a - +1 dagger
rCold   + + .      Faith    .   (no shield)
rNeg    + + +      Spirit   .   b - +1 robe
rPois   ∞          Reflect  .   (no helmet)
rElec   .          Harm     .   q - +0 cloak
rCorr   +          Rampage  .   (no gloves)
Will    .....                   (no boots)
Stlth   +++.......              (no amulet)
HPRegen 0.00/turn               g - ring of resist corrosion
MPRegen 0.12/turn               j - ring of wizardry

@: bloodless, inhibited regen, very slow
A: bloodless, fangs 3, see invisible, vampiric 2
a: Bat Form, Revivify


You were on level 4 of the Dungeon.
You visited 1 branch of the dungeon, and saw 4 of its levels.

You collected 310 gold pieces.

Inventory:

Hand Weapons
 a - a +1 dagger (weapon)
Missiles
 r - a throwing net
Armour
 b - a +1 robe (worn)
 q - a +0 cloak (worn)
Jewellery
 g - a ring of resist corrosion (left hand)
 j - a ring of wizardry (right hand)
Wands
 n - a wand of paralysis (12)
Scrolls
 d - a scroll of enchant armour
 i - a scroll of blinking
 k - a scroll of fear
 o - 5 scrolls of identify
 p - 3 scrolls of magic mapping
Potions
 c - 2 potions of invisibility
 e - a potion of haste
 f - 2 potions of ambrosia
 h - 5 potions of curing
 l - a potion of brilliance
 m - a potion of mutation


   Skills:
 - Level 2.0 Fighting
 - Level 4.0 Short Blades
 - Level 1.0 Armour
 - Level 3.0 Dodging
 - Level 8.0 Stealth
 - Level 2.0 Spellcasting
 + Level 6.9 Hexes
 - Level 1.0 Ice Magic
 - Level 1.0 Evocations


You had 2 spell levels left.
You knew the following spells:

 Your Spells              Type           Power      Damage    Failure   Level
a - Ensorcelled Hibernat  Hex/Ice        32%        N/A       2%          2
b - Confusing Touch       Hex            26%        N/A       1%          3
c - Tukima's Dance        Hex            26%        N/A       1%          3

Your spell library contained the following spells:

 Spells                   Type           Power      Damage    Failure   Level
 Passwall                 Tmut/Erth      0%         N/A       11%         2
 Dazzling Flash           Conj/Hex       28%        N/A       5%          3
 Ozocubu's Armour         Ice            5%         N/A       14%         3
 Swiftness                Air            1%         N/A       21%         3
 Metabolic Englaciation   Hex/Ice        8%         N/A       36%         5
 Simulacrum               Ice/Necr       1%         N/A       100%        6


Dungeon Overview and Level Annotations

Branches:
Dungeon (4/15)
 Temple: D:4-7

Altars:
Cheibriados
Nemelex Xobeh

Shops:
D:2 (

Annotations:
D:4 Olga's ghost, novice DsGl


Innate Abilities, Weirdness & Mutations

You do not regenerate when monsters are visible.
You are frail without blood (-20% HP).
You can heal yourself when you bite living creatures.
You are immune to poison.
You have razor-sharp teeth.
You have supernaturally acute eyesight. (SInv)
You are afflicted with vampirism and can become a bat while bloodless.


Message History

Your bite misses Olga's ghost.
Olga's ghost is lightly damaged.
Olga's ghost hits you.
You completely miss Olga's ghost. Your bite misses Olga's ghost.
Olga's ghost is lightly damaged.
You hit Olga's ghost but do no damage.
Olga's ghost is lightly damaged.
Olga's ghost closely misses you.
You barely miss Olga's ghost.
Olga's ghost is lightly damaged.
Olga's ghost hits you but does no damage.
Press: ? - help, v - describe, . - travel, g - get item
Here: Olga's ghost (lightly damaged, chance to confuse on hit: 34%) Item here: an adder corpse.
Some shallow water.
You hit Olga's ghost but do no damage.
You bite Olga's ghost, but do no damage.
Olga's ghost is lightly damaged.
Olga's ghost hits you.
You barely miss Olga's ghost. Your bite misses Olga's ghost.
Olga's ghost hits you.
You hit Olga's ghost but do no damage.
Olga's ghost appears confused.
You hit Olga's ghost but do no damage. Olga's ghost closely misses you.
You barely miss Olga's ghost. Olga's ghost hits you.
* * * LOW HITPOINT WARNING * * *
You barely miss Olga's ghost.
You bite Olga's ghost, but do no damage.
Olga's ghost closely misses you.
You completely miss Olga's ghost. Olga's ghost barely misses you.
You barely miss Olga's ghost.
Unknown command.
You hit Olga's ghost but do no damage. Olga's ghost barely misses you.
Olga's ghost hits itself but does no damage.
You completely miss Olga's ghost. You hit Olga's ghost.
Olga's ghost is lightly damaged.
You enter the shallow water.
Moving in this stuff is going to be slow.
Olga's ghost hits you!
You die...

###### ##.# #.†.#
.#.#.## #.# #...#
#.#.#.# ### #...#
.#.#.## #≈###...#
#.#.#.### #)#.#...#
.#.#.†..#
#####≈#.#...#
#.#.#...#
#...#≈#.#...##########
.#.#....#
#...#W#.......[......#
#.#.#.###
#...#@#.....##.#####.#
.#.#.##
#...#†#.....##........
#.#.#.####
#.......#...##..###...
.#.#.....#
#.......#..###.##.##..
#.#.#....#
######.........#...#..
.#.#+....#
#.......####.####
#.#.#....######
#......##..#'#..#
.#.#......<...#
#......#._.'.'.).
#.#.#....####.#
#......##.##.##.#


You could see Olga's ghost (confused).

Vanquished Creatures
  A water moccasin (D:4)
  A black bear (D:4)
  A scorpion (D:4)
  A howler monkey (D:3)
  A jelly (D:4)
  An orc priest (D:4)
  An iguana (D:4)
  Ijyb (D:4)
  An orc wizard (D:4)
  10 adders
  An ufetubus (D:4)
  3 worms
  2 dart slugs (D:1)
  11 orcs
  3 endoplasms
  5 giant cockroaches
  5 goblins
  7 hobgoblins
  3 quokkas (D:3)
  6 ball pythons
  7 bats
  3 frilled lizards
  5 kobolds
  3 rats
83 creatures vanquished.

Notes
Turn   | Place    | Note
-------+----------+-------------------------------------------
     0 | D:1      | Murumi the Vampire Enchanter began the quest for the Orb.
     0 | D:1      | Reached XP level 1. HP: 13/13 MP: 3/3
   218 | D:1      | Reached skill level 5 in Stealth
   354 | D:1      | Reached XP level 2. HP: 15/15 MP: 5/5
   357 | D:1      | Learned a level 2 spell: Ensorcelled Hibernation
   596 | D:1      | Reached skill level 5 in Hexes
  1340 | D:2      | Gained mutation: You are afflicted with vampirism and can
                  | become a bat while bloodless. [Vampire growth]
  1340 | D:2      | Reached XP level 3. HP: 19/19 MP: 1/6
  1419 | D:2      | Found a faded altar of an unknown god.
  1519 | D:2      | Found Hehunt's Weapon Shoppe.
  2080 | D:3      | Reached skill level 1 in Fighting
  2082 | D:3      | Reached skill level 1 in Ice Magic
  2100 | D:3      | Reached XP level 4. HP: 25/26 MP: 0/7
  2418 | D:3      | Found a snail-covered altar of Cheibriados.
  2783 | D:3      | Reached skill level 6 in Stealth
  2824 | D:3      | Reached XP level 5. HP: 30/30 MP: 8/8
  2942 | D:3      | Learned a level 3 spell: Confusing Touch
  2946 | D:3      | Learned a level 3 spell: Tukima's Dance
  3156 | D:4      | Reached skill level 1 in Armour
  3226 | D:4      | Noticed a water moccasin
  3249 | D:4      | Killed a water moccasin
  3250 | D:4      | Reached skill level 7 in Stealth
  3250 | D:4      | Reached XP level 6. HP: 16/35 MP: 4/9
  3450 | D:4      | Found a runed translucent door.
  3498 | D:4      | Noticed Ijyb
  3505 | D:4      | Killed Ijyb
  3784 | D:4      | Noticed Olga's ghost (novice DsGl)
  3812 | D:4      | Found a sparkling altar of Nemelex Xobeh.
  3845 | D:4      | Reached skill level 8 in Stealth
  3929 | D:4      | Reached XP level 7. HP: 40/40 MP: 10/10
  4156 | D:4      | Reached skill level 1 in Evocations
  4527 | D:4      | Slain by Olga's ghost

Illustrated notes

Levels and vault maps discovered:
D:1:      nagdon_arrival_zigzag_paths, layout_basic
D:2:      layout_basic, hellmonk_ecumenical_altar_zigzags, serial_shops,
          nicolae_shop_trees
D:3:      layout_loops_ring, cheibriados_altar_1, minmay_distorted
D:4:      layout_basic, nemelex_dance_club_becter, ebering_ghost_sewer_d,
          uniq_ijyb

Skill      XL: |  1  2  3  4  5  6  7 |
---------------+----------------------+-----
Stealth        | 5 6 7 8 |  8.0
Short Blades   | 2 3 4 |  4.0
Hexes          | 5 6 |  6.9
Dodging        | 3 |  3.0
Fighting       | 2 |  2.0
Ice Magic      | 1 |  1.0
Armour         | 1 |  1.0
Evocations     | 1 |  1.0
Spellcasting   | |  2.0

Action                   |  1- 3 |  4- 6 |  7- 9 || total
-------------------------+-------+-------+-------++-------
Melee: Dagger            |    62 |    55 |    53 ||   170
       Bite              |     6 |     4 |     6 ||    16
       Punch             |       |     1 |     2 ||     3
 Cast: Ensorcelled Hiber |    10 |    25 |    19 ||    54
       Confusing Touch   |       |     1 |     1 ||     2
 Abil: Exsanguinate      |     1 |       |       ||     1
  Use: Scroll            |     9 |     5 |     1 ||    15
       Potion            |       |     1 |       ||     1
 Stab: Sleeping          |    21 |    29 |    13 ||    63
       Distracted        |     1 |       |     1 ||     2
       Confused          |       |     1 |       ||     1
Armor: Robe              |    14 |    14 |     4 ||    32
Dodge: Dodged            |    34 |    43 |    22 ||    99

Table legend: (Time is in decaauts)
 A = Elapsed time spent in this place.
 B = Non-inter-level travel time spent in this place.
 C = Inter-level travel time spent in this place.
 D = Time resting spent in this place.
 E = Time spent auto-exploring this place.
 F = Levels seen in this place.
 G = Mean time per level.
                   A        B        C        D        E       F      G
               +--------+--------+--------+--------+--------+-----+--------+
         Total |   4508 |   4149 |    359 |     61 |   3409 |   4 | 1127.0 |
       Dungeon |   4508 |   4149 |    359 |     61 |   3409 |   4 | 1127.0 |
               +--------+--------+--------+--------+--------+-----+--------+

Top non-repeatable levels by time:
     D:4: 1393 daAuts
     D:3: 1102 daAuts
     D:1: 1038 daAuts
     D:2: 974 daAuts
